 Dungeon Crawl Stone Soup version 0.29.0-4-gdea44cf6ec (webtiles) character file.

Game seed: 5778141668489044041

28 qw the Sneak (level 3, 0/28 HPs)
             Began as a Ghoul Enchanter on Sept 6, 2022.
             Slain by a gnoll
             ... wielding a +0 halberd
              (10 damage)
             ... on level 2 of the Dungeon.
             The game lasted 00:00:42 (1587 turns).

qw the Sneak (Ghoul Enchanter)                      Turns: 1587, Time: 00:00:42

Health: 0/28       AC:  5    Str: 13    XL:     3   Next: 12%
Magic:  4/4        EV: 10    Int: 10    God:
Gold:   68         SH:  0    Dex:  9    Spells: 5/5 levels left

rFire   . . .      SeeInvis .   Y - +0 war axe
rCold   + . .      Faith    .   (no shield)
rNeg    + + +      Spirit   .   d - +0 ring mail
rPois   inf        Reflect  .   (no helmet)
rElec   .          Harm     .   (no cloak)
rCorr   .          Rampage  .   (no gloves)
Will    .....                   (no boots)
Stlth   +.........              (no amulet)
HPRegen 0.00/turn               (no ring)
MPRegen 0.09/turn               (no ring)

@: inhibited regen
A: claws 1, cold resistance 1, negative energy resistance 3, inhibited
regeneration, torment resistance 2, devour on kill
a: no special abilities


You were on level 2 of the Dungeon.
You visited 1 branch of the dungeon, and saw 2 of its levels.

You collected 68 gold pieces.


Innate Abilities, Weirdness & Mutations

You are immune to poison.
You have sharp fingernails.
Your flesh is cold resistant. (rC+)
You are immune to negative energy. (rN+++)
You do not regenerate when monsters are visible.
You are immune to unholy pain and torment.
You thrive by killing the living.


   Skills:
 + Level 1.3 Fighting
 - Level 0.8 Short Blades
 - Level 2.0 Axes
 - Level 1.7 Dodging
 - Level 3.2 Stealth
 - Level 1.7 Spellcasting
 - Level 2.4 Hexes


You had 5 spell levels left.
You didn't know any spells.
Your spell library contained the following spells:

 Spells                   Type           Power      Damage    Failure   Level
 Ensorcelled Hibernation  Hex/Ice        6%         N/A       54%         2
 Confusing Touch          Hex            5%         N/A       61%         3
 Tukima's Dance           Hex            5%         N/A       61%         3
 Dazzling Flash           Conj/Hex       6%         N/A       78%         3

Inventory:

Hand Weapons
 c - a +0 mace
 Y - a +0 war axe (weapon)
Armour
 d - a +0 ring mail (worn)
Scrolls
 f - 2 scrolls of identify
 g - a scroll of acquirement {unknown}
 h - a scroll of amnesia {unknown}
Potions
 a - a potion of cancellation {unknown}
 b - a potion of curing
 e - a potion of might {unknown}
 i - a potion of heal wounds {unknown}
 k - a potion of resistance

Dungeon Overview and Level Annotations

Branches:
Dungeon (2/15)

Altars:


Message History

Found a stone staircase leading up.
g - a scroll labelled KOD KYSSEEHAFF
h - a scroll labelled HEJ MAHOIPHO A giant cockroach comes into view.
You hit the giant cockroach but do no damage.
The giant cockroach closely misses you.
You closely miss the giant cockroach. The giant cockroach closely misses you.
The giant cockroach misses you.
You hit the giant cockroach.
You kill the giant cockroach!
You now have 68 gold pieces (gained 12).
f - 2 scrolls of identify (gained 1)
Found a potion of invisibility.
You see here a potion of invisibility.
Found an escape hatch in the ceiling.
Enter note:
There is an escape hatch in the ceiling here.
You open the door. 2 gnolls come into view.
Found 2 stones and a scroll labelled XAALUO VUROAST.
Found a dagger and a book of Minor Magic.
The gnoll shouts!
The gnoll throws a throwing net.
The throwing net hits you.
You become entangled in the net!
A gnoll comes into view. It is wielding a +0 spear. x2
There is an open door here.
You see here a throwing net.
You struggle against the net.
The gnoll shouts!
The gnoll hits you from afar with a +0 spear!
You struggle against the net.
The gnoll hits you from afar with a +0 spear.
You shred the net and break free!
The gnoll hits you from afar with a +0 spear.
The gnoll shouts!
The gnoll hits you with a +0 spear. The gnoll closely misses you.
You barely miss the gnoll. x2
The gnoll barely misses you. The gnoll hits you but does no damage.
The gnoll hits you with a +0 halberd!
You die...

###.#######.# #.
#.........#.# ..
#.#.#####.#.#
#.#..#......# #
#.#.##....#.#
#.########.#.#####.#.#
.......:##<#......!..# #
.).g....##.#####.#...# #
.....g(@'..#######..##.#
..
...?..gg####...........#
. ........#
#.#####.##### .#####+##
#.#####.#
#.#####.#.....#
#.............#
#..###..#.###.#
#...<..##..##.#
#####.#..........#


You could see 4 gnolls.

Vanquished Creatures
  2 dart slugs (D:1)
  3 ball pythons (D:1)
  3 bats
  4 endoplasms
  2 giant cockroaches
  2 hobgoblins (D:2)
  4 frilled lizards
  2 rats (D:1)
22 creatures vanquished.

Notes
Turn   | Place    | Note
-------+----------+-------------------------------------------
     0 | D:1      | qw the Ghoul Enchanter began the quest for the Orb.
     0 | D:1      | Reached XP level 1. HP: 14/14 MP: 2/2
     0 | D:1      | 0 ||| qw: Version: 0.1-a-108-g9e35731
     0 | D:1      | 0 ||| qw: Game counter: 6202
     0 | D:1      | 0 ||| qw: Always use a shield: true
     0 | D:1      | 0 ||| qw: God list: Okawaru
     0 | D:1      | 0 ||| qw: Allow faded altars: false
     0 | D:1      | 0 ||| qw: Do Orc after D:15 true
     0 | D:1      | 0 ||| qw: Do second Lair branch before Depths: true
     0 | D:1      | 0 ||| qw: Lair rune preference: random
     0 | D:1      | 0 ||| qw: Plans: Normal
     0 | D:1      | 0 ||| PLANNING D:1-11
   222 | D:1      | 222 ||| Stepping ~*~*~tactically~*~*~ (hiding).
   235 | D:1      | Reached skill level 1 in Axes
   262 | D:1      | 262 ||| SWAPPING to +0 spear.
   263 | D:1      | 263 ||| DROPPING +1 dagger.
   280 | D:1      | Reached XP level 2. HP: 21/22 MP: 3/3
   282 | D:1      | Reached skill level 1 in Fighting
   291 | D:1      | 291 ||| Stepping ~*~*~tactically~*~*~ (hiding).
   393 | D:1      | 393 ||| Stepping ~*~*~tactically~*~*~ (hiding).
   495 | D:1      | 495 ||| Stepping ~*~*~tactically~*~*~ (hiding).
   597 | D:1      | 597 ||| Stepping ~*~*~tactically~*~*~ (hiding).
   615 | D:1      | HP: 5/23 [frozen (1)]
   746 | D:1      | 746 ||| Stepping ~*~*~tactically~*~*~ (stealth).
   894 | D:1      | 894 ||| SWAPPING to +0 hand axe.
   895 | D:1      | 895 ||| DROPPING +0 spear.
   918 | D:1      | 918 ||| SWAPPING to +0 war axe.
   919 | D:1      | 919 ||| DROPPING +0 hand axe.
   932 | D:1      | You fall into a shaft and drop 1 floor!
  1047 | D:2      | 1047 ||| UPGRADING to +0 ring mail.
  1057 | D:2      | 1057 ||| DROPPING +0 robe.
  1058 | D:2      | 1058 ||| DROPPING +6 ring of intelligence.
  1059 | D:2      | 1059 ||| READING scroll labelled CIENASHRUCEA.
  1060 | D:2      | 1060 ||| READING scroll labelled BUZAINU ZAQE.
  1061 | D:2      | 1061 ||| READING 3 scrolls labelled ACE IDWUBRE.
  1062 | D:2      | 1062 ||| DRINKING 2 metallic inky potions.
  1063 | D:2      | 1063 ||| DROPPING 2 potions of invisibility.
  1064 | D:2      | 1064 ||| DROPPING 2 scrolls of blinking.
  1231 | D:1      | 1231 ||| Stepping ~*~*~tactically~*~*~ (stealth).
  1232 | D:1      | 1232 ||| Stepping ~*~*~tactically~*~*~ (stealth).
  1240 | D:1      | 1240 ||| Stepping ~*~*~tactically~*~*~ (stealth).
  1242 | D:1      | 1242 ||| Stepping ~*~*~tactically~*~*~ (stealth).
  1244 | D:1      | 1244 ||| Stepping ~*~*~tactically~*~*~ (stealth).
  1305 | D:1      | Reached XP level 3. HP: 28/28 MP: 4/4
  1424 | D:1      | 1424 ||| DRINKING 2 ruby potions.
  1468 | D:2      | Found a faded altar of an unknown god.
  1587 | D:2      | Slain by a gnoll

Levels and vault maps discovered:
D:1:      heliophobic_arrival_henge, layout_rooms
D:2:      layout_basic, shapermc_ecumenical_altar_venn

Skill      XL: |  1  2  3 |
---------------+----------+-----
Axes           | 1 2 |  2.0
Fighting       | 1 |  1.3
Short Blades   | |  0.8
Dodging        | |  1.7
Stealth        | |  3.2
Spellcasting   | |  1.7
Hexes          | |  2.4

Action                   || total
-------------------------++-------
Melee: Dagger            ||    44
       Spear             ||    25
       Punch             ||     1
       War axe           ||    33
       Hand axe          ||     1
  Use: Scroll            ||     3
       Potion            ||     2
Armor: Robe              ||    13
       Ring mail         ||    11
Dodge: Dodged            ||    56

Table legend:
 A = Non-vault XP
 B = Vault XP
 C = Vault XP percentage of total XP
 D = Non-vault monster count
 E = Vault monster count
 F = Vault count percentage of total count
                 A         B        C        D         E       F
            +---------+---------+-------+---------+---------+-------
      Total |      40 |       0 |   0.0 |      22 |       0 |   0.0
            +---------+---------+-------+---------+---------+-------
        D:1 |      30 |       0 |   0.0 |      16 |       0 |   0.0
        D:2 |      10 |       0 |   0.0 |       6 |       0 |   0.0
            +---------+---------+-------+---------+---------+-------
